 Dungeon Crawl Stone Soup version 0.25-a0-96-g4073cf80fb (webtiles) character file.

Game seed: 6714752107424862203, levelgen mode: deterministic

134 MisterFreud the Slasher (level 5, 0/34 HPs)
             Began as an Octopode Gladiator on Nov 11, 2019.
             Killed from afar by an orc wizard (8 damage)
             ... with a magic dart
             ... on level 2 of the Dungeon.
             The game lasted 00:02:41 (2195 turns).

MisterFreud the Slasher (Octopode Gladiator)        Turns: 2195, Time: 00:02:41

Health: 0/34       AC:  1    Str: 13    XL:     5   Next: 17%
Magic:  5/5        EV: 11    Int: 12    God:
Gold:   67         SH:  7    Dex: 13    Spells: 4/4 levels left

rFire    . . .     SeeInvis .   a - +0 long sword
rCold    . . .     Gourm    .   l - +0 shield
rNeg     . . .     Faith    .   b - +0 hat
rPois    .         Spirit   .   (no amulet)
rElec    .         Reflect  .   (no ring)
rCorr    .         Harm     .   (no ring)
MR       .....                  (no ring)
Stlth    ++........             (no ring)
HPRegen  0.11/turn              (no ring)
MPRegen  0.09/turn              (no ring)
                                (no ring)
                                (no ring)

@: no status effects
A: almost no armour, stealthy swim, amphibious, 8 rings, constrict 8, camouflage
1, gelatinous body 1
a: no special abilities


You were on level 2 of the Dungeon.
You were not hungry.

You visited 1 branch of the dungeon, and saw 2 of its levels.

You collected 67 gold pieces.

Inventory:

Hand Weapons
 a - a +0 long sword (weapon)
Missiles
 c - 3 throwing nets (quivered)
 e - 9 poisoned darts
 i - 63 stones
 j - 96 arrows
 m - 13 bolts
 o - 13 sling bullets
Armour
 b - a +0 hat (worn)
 l - a +0 shield (worn)
Potions
 k - a potion of degeneration {unknown}
 n - a potion of brilliance {unknown}
Comestibles
 d - 6 rations


   Skills:
 - Level 2.0 Fighting
 + Level 5.7 Long Blades
 - Level 2.0 Throwing
 - Level 3.0 Dodging


You had 4 spell levels left.
You didn't know any spells.
Your spell library was empty.

Dungeon Overview and Level Annotations

Branches:
Dungeon (2/15)

Altars:
Hepliaklqana
Xom


Innate Abilities, Weirdness & Mutations

You cannot wear most types of armour.
You are very stealthy in the water. (Stealth+)
You are amphibious.
You can wear up to eight rings at the same time.
You can use your tentacles to constrict eight enemies at once.
Your skin changes colour to match your surroundings (Stealth+).
Your rubbery body absorbs attacks. (AC +1, EV +1)


Message History

The puff of flame hits you!
* * * LOW HITPOINT WARNING * * *
You feel better.
You hear some strange, mumbled words.
A magic dart appears from out of thin air!
The magic dart hits you.
* * * LOW HITPOINT WARNING * * *
It was a potion of heal wounds.
You feel much better. Something hits you.
The orc wizard points at you and mumbles some strange words.
You block the puff of flame.
The orc wizard points at you and mumbles some strange words.
The puff of flame hits you!
* * * LOW HITPOINT WARNING * * *
The orc wizard casts a spell at you.
The puff of frost hits something!
Reactivating autopickup.
You feel a bit more experienced.
The orc wizard points at you and mumbles some strange words.
The magic dart hits you!
You die...

###############
..)...†)..o)..#
#############.#
#o# #.# #.# #@#
#.# #.# #.# #.#
#.######
#......#
####.### #.#


You could see an orc wizard.

Vanquished Creatures
  A howler monkey (D:2)
  An orc priest (D:2)
  An adder (D:2)
  3 worms (D:2)
  2 dart slugs (D:1)
  2 leopard geckos (D:2)
  2 orcs (D:2)
  4 giant cockroaches
  2 goblins
  6 hobgoblins
  3 jackals (D:2)
  A quokka (D:2)
  8 bats
  A frilled lizard (D:1)
  A kobold (D:1)
  5 rats
43 creatures vanquished.

Vanquished Creatures (others)
  An orc wizard (D:2)
1 creature vanquished.

Grand Total: 44 creatures vanquished

Notes
Turn   | Place    | Note
-------+----------+-------------------------------------------
     0 | D:1      | MisterFreud the Octopode Gladiator began the quest for the
                  | Orb.
     0 | D:1      | Reached XP level 1. HP: 14/14 MP: 1/1
    96 | D:1      | Reached XP level 2. HP: 8/19 MP: 2/2
   742 | D:1      | Found a shimmering altar of Xom.
   854 | D:2      | Reached skill level 4 in Long Blades
   862 | D:2      | Reached XP level 3. HP: 24/24 MP: 3/3
  1054 | D:2      | Reached XP level 4. HP: 29/29 MP: 4/4
  1064 | D:2      | Reached skill level 5 in Long Blades
  1546 | D:2      | Found a hazy altar of Hepliaklqana.
  2181 | D:2      | Reached XP level 5. HP: 6/34 MP: 5/5
  2183 | D:2      | HP: 1/34 [something/puff of flame (8)]
  2195 | D:2      | Killed from afar by an orc wizard

Levels and vault maps discovered:
D:1:      psy_arrival_radial02, layout_rooms, xom_teletrap_fun
D:2:      layout_basic, lemuel_doored_altar, hangedman_decor_clover_reticule,
          serial_bayou_pond_e

Skill      XL: |  1  2  3  4 |
---------------+-------------+-----
Long Blades    | 4 5 |  5.7
Fighting       | |  2.0
Throwing       | |  2.0
Dodging        | |  3.0

Action                   |  1- 3 |  4- 6 || total
-------------------------+-------+-------++-------
Melee: Long sword        |    43 |    40 ||    83
       Constrict         |    12 |    11 ||    23
       Tentacles         |     9 |     7 ||    16
  Use: Scroll            |       |     4 ||     4
       Potion            |       |     3 ||     3
 Stab: Sleeping          |     4 |     2 ||     6
  Eat: Chunk             |       |     4 ||     4
Armor: Skin              |     5 |     2 ||     7
Dodge: Dodged            |    26 |    18 ||    44
Block: Shield            |     8 |    13 ||    21
       Rpst.: Long sword |    11 |     3 ||    14

Table legend:
 A = Non-vault XP
 B = Vault XP
 C = Vault XP percentage of total XP
 D = Non-vault monster count
 E = Vault monster count
 F = Vault count percentage of total count
                 A         B        C        D         E       F
            +---------+---------+-------+---------+---------+-------
      Total |     192 |       0 |   0.0 |      44 |       0 |   0.0
            +---------+---------+-------+---------+---------+-------
        D:1 |      28 |       0 |   0.0 |      15 |       0 |   0.0
        D:2 |     164 |       0 |   0.0 |      29 |       0 |   0.0
            +---------+---------+-------+---------+---------+-------
